 Dungeon Crawl Stone Soup version 0.25-a0-294-gea9b1ad378 (webtiles) character file.

Game seed: 5297389893038666953, levelgen mode: deterministic

32 Redear the Skirmisher (level 3, -2/29 HPs)
             Began as a Mummy Monk on Dec 18, 2019.
             Slain by an adder (4 damage)
             ... on level 3 of the Dungeon.
             The game lasted 00:01:40 (2041 turns).

Redear the Skirmisher (Mummy Monk)                  Turns: 2041, Time: 00:01:41

Health: -2/29      AC:  2    Str: 14    XL:     3   Next: 8%
Magic:  3/3        EV: 13    Int:  9    God:
Gold:   173        SH:  0    Dex: 15    Spells: 2/2 levels left

rFire    x . .     SeeInvis .     - Unarmed
rCold    + . .     Gourm    .   (no shield)
rNeg     + + +     Faith    .   (no armour)
rPois    ∞         Spirit   .   b - +0 helmet
rElec    .         Reflect  .   (no cloak)
rCorr    .         Harm     .   d - +0 pair of gloves
MR       .....                  (no boots)
Stlth    ++........             (no amulet)
HPRegen  0.09/turn              (no ring)
MPRegen  0.08/turn              (no ring)

@: very slightly contaminated
A: no food or potions, fire vulnerability, cold resistance 1, negative energy
resistance 3, torment resistance, unbreathing
a: no special abilities


You were on level 3 of the Dungeon.
You were not hungry.

You visited 1 branch of the dungeon, and saw 3 of its levels.

You collected 173 gold pieces.

Inventory:

Armour
 a - a +0 robe
 b - a +0 helmet (worn)
 d - a +0 pair of gloves (worn)
Jewellery
 i - an uncursed amulet of harm {unknown}
Scrolls
 c - a scroll of teleportation {unknown}
 e - 2 scrolls of identify {unknown}
 f - a scroll of fear {unknown}
 h - 2 scrolls of magic mapping {unknown}
 B - 2 scrolls of blinking


   Skills:
 + Level 3.4 Fighting
 + Level 2.8 Dodging
 - Level 1.5 Stealth
 + Level 2.8 Unarmed Combat


You had 2 spell levels left.
You didn't know any spells.
Your spell library was empty.

Dungeon Overview and Level Annotations

Branches:
Dungeon (3/15)

Altars:
Dithmenos
Fedhas
Zin

Annotations:
D:3 1 runed translucent door


Innate Abilities, Weirdness & Mutations

You do not eat or drink.
Your flesh is vulnerable to fire.
You are immune to poison.
Your flesh is cold resistant. (rC+)
You are immune to negative energy. (rN+++)
You are immune to unholy pain and torment.
You can survive without breathing.


Message History

The adder bites you.
* * * LOW HITPOINT WARNING * * *
You take 4 damage, and have 2/29 hp.
You can't drink.
Unknown command.
Blink to where?
Press: ? - help, Dir - move target cursor You are very lightly contaminated with residual magic.
As you read the scroll labeled WEEBAG TOTIXI, it crumbles to dust.
It was a scroll of blinking.
B - 2 scrolls of blinking You barely miss the adder.
The adder is severely wounded.
The adder bites you.
* * * LOW HITPOINT WARNING * * *
You take 2 damage, and have 2/29 hp.
You miss the adder.
The adder is severely wounded.
The adder bites you.
You die...

#.# #. ###.### #. #######
...... #. ....... #.#..#
#. ...# #.#..# #. ...#
######.#..### #.
...####...........# #.
...##.....##.##S..# #.
...##.###.##.##.@.#######
##
......#.#....##...).....#
.#.##..#..#####..######.#
......###.# #..# #.#
##.###.#.## #..# #.# #.#
##.#######..# #.# #.#
#..........# #.# #.#
#.########.# #.# #?# #.#
#.#


You could see an adder.

Vanquished Creatures
  3 bats (D:2)
  A giant cockroach (D:2)
  4 goblins
  6 hobgoblins
  4 jackals (D:2)
  A kobold (D:2)
  A quokka (D:2)
  5 frilled lizards
  2 rats (D:2)
27 creatures vanquished.

Notes
Turn   | Place    | Note
-------+----------+-------------------------------------------
     0 | D:1      | Redear the Mummy Monk began the quest for the Orb.
     0 | D:1      | Reached XP level 1. HP: 18/18 MP: 1/1
    44 | D:1      | HP: 1/18 [hobgoblin (4)]
   919 | D:1      | Reached XP level 2. HP: 24/24 MP: 2/2
  1524 | D:2      | Reached XP level 3. HP: 29/29 MP: 3/3
  1532 | D:2      | Found a blossoming altar of Fedhas.
  1534 | D:2      | Found a shadowy altar of Dithmenos.
  1997 | D:3      | Found a glowing silver altar of Zin.
  1997 | D:3      | Found a runed translucent door.
  1997 | D:3      | Noticed an angel
  2020 | D:3      | HP: 2/29 [adder (2)]
  2040 | D:3      | HP: 2/29 [adder (2)]
  2041 | D:3      | Slain by an adder

Levels and vault maps discovered:
D:1:      minmay_arrival_doors, layout_basic, grunt_decor_arrowhead,
          minmay_hedge_maze
D:2:      layout_loops_ring, minitemple
D:3:      layout_loops_ring, first_ration, lemuel_angel_altar

Action                   || total
-------------------------++-------
Melee: Unarmed           ||   101
  Use: Scroll            ||     1
 Stab: Sleeping          ||     4
Armor: Skin              ||    13
Dodge: Dodged            ||    64

Table legend:
 A = Non-vault XP
 B = Vault XP
 C = Vault XP percentage of total XP
 D = Non-vault monster count
 E = Vault monster count
 F = Vault count percentage of total count
                 A         B        C        D         E       F
            +---------+---------+-------+---------+---------+-------
      Total |      46 |       0 |   0.0 |      27 |       0 |   0.0
            +---------+---------+-------+---------+---------+-------
        D:1 |      15 |       0 |   0.0 |       9 |       0 |   0.0
        D:2 |      29 |       0 |   0.0 |      17 |       0 |   0.0
        D:3 |       2 |       0 |   0.0 |       1 |       0 |   0.0
            +---------+---------+-------+---------+---------+-------
